 Dungeon Crawl Stone Soup version 0.30.0-20-g3b4254fcbd (webtiles) character file.

Game seed: 1863269093933413155

7480 cheesebisquit the Grappler (level 10, 0/98 HPs)
             Began as a Troll Monk on June 2, 2023.
             Slain by a red ugly thing (21 damage)
             ... on level 10 of the Dungeon.
             The game lasted 00:31:31 (9196 turns).

cheesebisquit the Grappler (Troll Monk)             Turns: 9196, Time: 00:31:32

Health: 0/98       AC:  6    Str: 29    XL:     10   Next: 94%
Magic:  9/9        EV: 17    Int:  8    God:
Gold:   97         SH:  5    Dex: 12    Spells: 9/9 levels left

rFire   . .          .
                       - Unarmed
rCold   . . .        c - orb {light}
rNeg    . . .        a - +0 robe
rPois   .            (helmet restricted)
rElec   .            C - +1 cloak
rCorr   .            (gloves unavailable)
SInv    .            (boots unavailable)
Will    .....        n - amulet of reflection
Stlth   +            u - +6 ring of strength
HPRegen 1.16/turn    D - +5 ring of evasion
MPRegen 0.11/turn

%: reflection
@: mighty, lethally poisoned (0 -> -13), slowed, glowing, very slow
A: large, unfitting armour, claws 3, regeneration 1, shaggy fur 1, tough skin 1
a: no special abilities


You were on level 10 of the Dungeon.
You visited 2 branches of the dungeon, and saw 11 of its levels.

You collected 555 gold pieces.
You spent 458 gold pieces at shops.

Inventory:

Hand Weapons
 m - a +3 giant spiked club
 t - the +7 spear "Pebinust" {drain, Fragile rPois rC+ Dex+3}
   (You found it on level 7 of the Dungeon)

   Dex:       It affects your dexterity (+3).
   rC:        It protects you from cold.
   rPois:     It protects you from poison.
   Fragile:   It will be destroyed if unequipped.
 O - a +0 shortbow
Missiles
 e - 13 boomerangs (quivered)
 j - 12 poisoned darts
 r - a silver boomerang
 y - 5 large rocks
 I - 2 throwing nets
Armour
 a - a +0 robe (worn)
 c - an orb of light (worn)
 C - a +1 cloak (worn)
Jewellery
 n - an amulet of reflection (around neck)
 u - a +6 ring of strength (left claw)
 D - a +5 ring of evasion (right claw)
 G - a ring of flight
 L - a ring of magical power
 M - a ring of protection from cold
 N - a +6 ring of intelligence
Wands
 w - a wand of polymorph (7)
 z - a wand of light (8)
 P - a wand of iceblast (6)
Scrolls
 f - 3 scrolls of fog
 g - a scroll of enchant armour {unknown}
 h - a scroll of acquirement {unknown}
 i - 2 scrolls of fear {unknown}
 k - 2 scrolls of poison {unknown}
 l - 5 scrolls of silence
 s - 5 scrolls of teleportation
 v - a scroll of magic mapping {unknown}
 x - a scroll of butterflies {unknown}
 B - 4 scrolls of blinking
 F - a scroll of vulnerability {unknown}
 K - a scroll of torment {unknown}
Potions
 b - 2 potions of ambrosia
 d - 7 potions of curing
 o - 2 potions of attraction
 p - 2 potions of invisibility
 q - 2 potions of heal wounds
 E - 4 potions of mutation
 J - a potion of lignification
 Q - 2 potions of cancellation


   Skills:
 + Level 6.3 Fighting
 + Level 3.3 Throwing
 - Level 5.0 Armour
 + Level 6.2 Dodging
 + Level 4.1 Stealth
 * Level 10.2 Unarmed Combat


You had 9 spell levels left.
You didn't know any spells.
Your spell library contained the following spells:

 Spells                   Type           Power      Damage    Failure   Level
 Kiss of Death            Conj/Necr      0%         2d5       41%         1
 Slow                     Hex            0%         N/A       41%         1
 Lesser Beckoning         Tloc           0%         N/A       54%         2
 Confusing Touch          Hex            0%         N/A       78%         3
 Gell's Gravitas          Tloc           0%         N/A       78%         3
 Ignite Poison            Fire/Tmut/Pois 0%         N/A       78%         3
 Inner Flame              Hex/Fire       0%         N/A       78%         3
 Teleport Other           Tloc           0%         N/A       78%         3
 Vampiric Draining        Necr           0%         2d6       78%         3
 Dispel Undead            Necr           0%         3d6       99%         4
 Flame Wave               Conj/Fire      0%         2d4       99%         4
 Sticky Flame             Conj/Fire      0%         2d3       99%         4
 Yara's Violent Unravell  Hex/Tmut       0%         3d3       100%        5
 Enfeeble                 Hex            0%         N/A       100%        7
 Ignition                 Fire           0%         3d3       100%        8


Dungeon Overview and Level Annotations

Branches:
Dungeon (10/15)            Temple (1/1) D:6            Lair (0/5) D:9
    Orc: D:9-12

Altars:
Ashenzari
Cheibriados
Dithmenos
Elyvilon
Fedhas
Gozag
Hepliaklqana
Kikubaaqudgha
Makhleb
Nemelex Xobeh
Okawaru
Qazlal
Ru
Sif Muna
Trog
Uskayaw
Vehumet
Wu Jian
Xom
Yredelemnul
The Shining One

Shops:
D:3 ([*!=   D:7 ?

Annotations:
D:3 2 runed translucent doors, nroviw's ghost, amateur DsFi
D:4 2 transporters, Kamelo's ghost, amateur MfGl
D:6 3 runed translucent doors, wingedge's ghost, novice DgWn
D:9 exclusions: 2 electric eels, 2 plants and 7 more exclusions


Innate Abilities, Weirdness & Mutations

You are too large for most types of armour.
You have claws for hands.
Your natural rate of healing is unusually fast.
You are covered in fur. (AC +1)
You have tough skin. (AC +1)


Message History

Press: ? - help, Q - select action, (/) - cycle Shift-Dir - straight line, f/p - red ugly thing
Aim: a red ugly thing (lightly wounded, 62% to hit)
You throw a boomerang.
The boomerang hits the red ugly thing but does no damage.
The red ugly thing is lightly wounded.
A gnoll comes into view. It is wielding a +0 whip.
Throw: 13 boomerangs
Press: ? - help, Q - select action, (/) - cycle Shift-Dir - straight line, f/p - red ugly thing
Aim: a red ugly thing (lightly wounded, 62% to hit)
You throw a boomerang. The boomerang hits the red ugly thing.
The red ugly thing is lightly wounded.
Throw: 13 boomerangs
Press: ? - help, Q - select action, (/) - cycle Shift-Dir - straight line, f/p - red ugly thing
Aim: a red ugly thing (lightly wounded, haloed, 79% to hit)
You throw a boomerang. The boomerang hits the red ugly thing.
The red ugly thing is lightly wounded.
A centaur warrior comes into view.
The red ugly thing attacks as you move away!
The red ugly thing closely misses you.
The red ugly thing attacks as you move away!
The red ugly thing pecks you!
You are engulfed in flames!!
* * * LOW HITPOINT WARNING * * *
You feel much better. The red ugly thing closely misses you.
You feel very mighty all of a sudden.
The red ugly thing completely misses you.
The gnoll closely misses you.
You claw the red ugly thing!
The red ugly thing is moderately wounded.
The red ugly thing pecks you.
You are engulfed in flames!
The red ugly thing attacks as you move away!
The red ugly thing closely misses you.
The kobold brigand throws a curare-tipped dart.
The curare-tipped dart hits you.
You are poisoned.
You have difficulty breathing.
You feel yourself slow down.
The red ugly thing attacks as you move away!
The red ugly thing pecks you!
* * * LOW HITPOINT WARNING * * *
You are engulfed in flames!!
You die...

#...()# ##..#.###
.....(.# ##..##...#
# #######.)####
####..###...###
#..#.## ##.#..##
#...##. #(g..#
#.....# #.#...#
#.)g## ##.##.#
#.##.#.
#(#c.###..#..#
#.#.#.. #
##Ku#.....##
#.#.#.~ ##.@.....#
#.#.#~.
#######.#####.#.#~.
#.)...#.#.#~.
#####.#.#.#.~
#...#.#.. ###....#.
#.....# #>.....
###....


You could see a red ugly thing, a centaur warrior, a kobold brigand and 2
gnolls.

Vanquished Creatures
  A two-headed ogre (D:10)
  A cyclops (D:10)
  An elephant (D:9)
  A troll (D:10)
  A wraith (D:9)
  3 yaks (D:9)
  A wyvern (D:9)
  A steam dragon (D:8)
  A basilisk (D:9)
  2 acid dragons
  A water moccasin (D:6)
  5 orc warriors
  An ice beast (D:5)
  2 black bears
  4 ogres
  4 centaurs
  2 kobold brigands
  4 gnoll sergeants
  3 bullfrogs
  2 scorpions
  2 wights
  7 killer bees
  4 electric eels
  7 howler monkeys
  9 hounds
  3 jellies
  7 orc priests
  3 sleepcaps (D:6)
  A gnoll bouda (D:7)
  6 iguanas
  16 orc wizards
  23 gnolls
  11 adders
  A shadow imp (D:6)
  A white imp (D:5)
  2 ufetubi
  An adder skeleton (D:2)
  A dart slug (D:1)
  53 orcs
  5 bats
  7 endoplasms
  13 giant cockroaches
  3 goblins (D:1)
  8 hobgoblins
  11 jackals
  2 quokkas
  4 ball pythons
  A ball python skeleton (D:2)
  4 frilled lizards
  17 kobolds
  6 rats
280 creatures vanquished.

Notes
Turn   | Place    | Note
-------+----------+-------------------------------------------
     0 | D:1      | cheesebisquit the Troll Monk began the quest for the Orb.
     0 | D:1      | Reached XP level 1. HP: 22/22 MP: 0/0
   103 | D:1      | Reached XP level 2. HP: 27/29 MP: 1/1
   402 | D:1      | Found a faded altar of an unknown god.
   921 | D:2      | Found a shadowy altar of Dithmenos.
  1058 | D:2      | Reached XP level 3. HP: 36/36 MP: 2/2
  1413 | D:3      | Found Kopufa Dide's Weapon Shoppe.
  1485 | D:3      | Found Tusah's Antique Armour Shoppe.
  1509 | D:3      | Found Yxipre's Distillery.
  1518 | D:3      | Found a runed translucent door.
  1529 | D:3      | Bought a potion of curing for 33 gold pieces
  1529 | D:3      | Bought a potion of invisibility for 88 gold pieces
  1529 | D:3      | Bought 2 potions of heal wounds for 110 gold pieces
  1532 | D:3      | Found Necut's Jewellery Emporium.
  1593 | D:3      | Found a runed translucent door.
  1594 | D:3      | Noticed nroviw's ghost (amateur DsFi)
  1594 | D:3      | Noticed a bullfrog
  1601 | D:3      | Reached XP level 4. HP: 44/44 MP: 3/3
  1604 | D:3      | Reached skill level 1 in Armour
  1738 | D:3      | Found Bimny's General Store.
  1945 | D:4      | Reached skill level 4 in Unarmed Combat
  1965 | D:4      | Reached XP level 5. HP: 52/52 MP: 4/4
  1985 | D:4      | Reached skill level 1 in Stealth
  2002 | D:4      | Found a transporter.
  2007 | D:4      | Noticed Kamelo's ghost (amateur MfGl)
  2033 | D:4      | Reached XP level 6. HP: 60/61 MP: 5/5
  2126 | D:4      | Found a transporter.
  2358 | D:4      | Reached skill level 5 in Unarmed Combat
  2370 | D:4      | Found an ancient bone altar of Kikubaaqudgha.
  2373 | D:4      | Found a shimmering blue altar of Sif Muna.
  2743 | D:5      | Entered Level 5 of the Dungeon
  2757 | D:4      | Reached XP level 7. HP: 31/67 MP: 6/6
  3152 | D:5      | Reached skill level 6 in Unarmed Combat
  3192 | D:5      | Found a blossoming altar of Fedhas.
  3464 | D:6      | Reached XP level 8. HP: 63/78 MP: 7/7
  3508 | D:6      | Found a staircase to the Ecumenical Temple.
  3514 | Temple   | Entered the Ecumenical Temple
  3715 | D:6      | Reached skill level 7 in Unarmed Combat
  3798 | D:6      | Found a runed translucent gate.
  3798 | D:6      | Found a runed translucent gate.
  3799 | D:6      | Found a runed translucent gate.
  3801 | D:6      | Noticed a spectral unseen horror
  3805 | D:6      | Noticed wingedge's ghost (novice DgWn)
  3930 | D:6      | Found a stormy altar of Qazlal.
  4094 | D:7      | Identified the +7 spear "Pebinust" {drain, Fragile rPois
                  | rC+ Dex+3}
  4159 | D:7      | Reached XP level 9. HP: 85/85 MP: 8/8
  4446 | D:7      | Reached skill level 8 in Unarmed Combat
  4481 | D:7      | Reached skill level 5 in Fighting
  4571 | D:7      | Reached skill level 5 in Dodging
  5036 | D:7      | Found Yqy Puoddu's Magic Scroll Shoppe.
  5044 | D:7      | Bought a scroll of teleportation for 39 gold pieces
  5044 | D:7      | Bought a scroll of blinking for 97 gold pieces
  5044 | D:7      | Bought 2 scrolls of identify for 52 gold pieces
  5044 | D:7      | Bought a scroll of teleportation for 39 gold pieces
  5502 | D:8      | Reached skill level 1 in Throwing
  6027 | D:9      | Reached XP level 10. HP: 63/96 MP: 9/9
  6126 | D:9      | Reached skill level 9 in Unarmed Combat
  6864 | D:9      | Found a snail-covered altar of Cheibriados.
  6991 | D:9      | Found a staircase to the Lair.
  7007 | D:9      | Reached skill level 5 in Armour
  7461 | D:9      | Noticed an elephant
  7472 | D:9      | Killed an elephant
  7578 | D:9      | Found a staircase to the Lair.
  7613 | D:9      | Found a snail-covered altar of Cheibriados.
  8500 | D:10     | Entered Level 10 of the Dungeon
  8910 | D:10     | Noticed a cyclops
  8915 | D:10     | Killed a cyclops
  9043 | D:10     | Found a sacrificial altar of Ru.
  9148 | D:10     | Noticed a two-headed ogre
  9159 | D:10     | Killed a two-headed ogre
  9160 | D:10     | Reached skill level 10 in Unarmed Combat
  9185 | D:10     | Noticed a red ugly thing
  9189 | D:10     | Noticed a centaur warrior
  9196 | D:10     | Slain by a red ugly thing

Illustrated notes

Levels and vault maps discovered:
D:1:      dpeg_arrival_signposts, layout_loops_ring,
          shapermc_ecumenical_altar_petra
D:2:      layout_basic, serial_undead, serial_undead_c, serial_undead_e,
          serial_undead_e, serial_undead_b, basic_altar
D:3:      minmay_roachtagon, layout_rooms, ebering_ghost_sewer_f, serial_shops,
          shop, nicolae_shop_pleasant_corner_grove, shop, shop, shop,
          minmay_unequal
D:4:      layout_loops_ring, minitemple, gammafunk_ghost_arena
D:5:      layout_rooms, mainiacjoe_overflow_small_starburst
D:6:      layout_rooms, nicolae_qazlal_eye_of_the_storm,
          minmay_temple_entry_metal_lava, gammafunk_ghost_necromancy,
          minmay_bent
D:7:      layout_cave_pools, serial_gnoll_camp, gnoll_camp_huts_moat,
          gnoll_camp_mini_doghouse, gnoll_camp_mini_basic, gnoll_camp_mini_hut,
          serial_shops, shop, kennysheep_decorative_pillar, grunt_ministairs_11,
          minmay_misc_feat_tiny
D:8:      layout_gridville
D:9:      layout_basic, mainiacjoe_overflow_24_doors, david_lair_generic,
          serial_bayou, serial_bayou_lagoon_b, serial_bayou_shore_a,
          serial_bayou_shore_b, serial_bayou_pond_b, serial_bayou_pond_e
D:10:     layout_basic, nicolae_ru_awakened_eye,
          mainiacjoe_overflow_surrounded_room, hangedman_abyss_or_decor_stabs,
          minmay_fractal_squares_gapless_7
Temple:   hellmonk_temple_of_storms

Skill      XL: |  1  2  3  4  5  6  7  8  9 10 |
---------------+-------------------------------+-----
Armour         | 1 2 3 4 5 |  5.0
Unarmed Combat | 4 5 6 7 8 10 | 10.2
Fighting       | 3 4 5 6 |  6.3
Dodging        | 3 4 5 6 |  6.2
Stealth        | 1 2 3 4 |  4.1
Throwing       | 1 3 |  3.3

Action                     |  1- 3 |  4- 6 |  7- 9 | 10-12 || total
---------------------------+-------+-------+-------+-------++-------
  Melee: Unarmed           |    86 |    96 |   302 |    94 ||   578
  Throw: Boomerang         |    15 |    32 |   258 |    83 ||   388
         Dart              |       |       |       |    14 ||    14
    Use: Scroll            |       |       |     9 |     6 ||    15
         Potion            |       |       |     2 |     2 ||     4
 Armour: Robe              |    22 |    21 |    44 |    10 ||    97
  Dodge: Dodged            |    27 |    23 |   193 |    67 ||   310
  Block: Orb               |     5 |    21 |    66 |    22 ||   114
         Reflection        |       |     1 |    16 |     1 ||    18
